 Dungeon Crawl Stone Soup version 0.27.1-2-g3b301248ec (webtiles) character file.

Game seed: 9961236660746104453

23 MajorAdolf the Skirmisher (level 3, -2/34 HPs)
             Began as a Naga Wanderer on Sept 25, 2021.
             Frozen to death by an endoplasm (3 damage)
             ... on level 1 of the Dungeon.
             The game lasted 00:01:59 (1215 turns).

MajorAdolf the Skirmisher (Naga Wanderer)           Turns: 1215, Time: 00:01:59

Health: -2/34      AC:  2    Str: 13    XL:     3   Next: 0%
Magic:  1/6        EV:  9    Int: 14    God:
Gold:   6          SH:  0    Dex: 10    Spells: 5/6 levels left

rFire    . . .     SeeInvis +   h - +0 dagger
rCold    . . .     Faith    .   (no shield)
rNeg     . . .     Spirit   .   g - +0 robe
rPois    +         Reflect  .   (no helmet)
rElec    .         Harm     .   (no cloak)
rCorr    .         Rampage  .   (no gloves)
Will     .....                  (no barding)
Stlth    +.........             (no amulet)
HPRegen  0.11/turn              (no ring)
MPRegen  0.10/turn              (no ring)

@: very slightly contaminated, very slow
A: AC +1, large, see invisible, deformed body, poison resistance, slowness 2,
spit poison 1, naga tail 1
a: Spit Poison


You were on level 1 of the Dungeon.
You visited 1 branch of the dungeon, and saw 1 of its levels.

You collected 6 gold pieces.

Inventory:

Hand Weapons
 a - a +2 hand crossbow
 h - a +0 dagger (weapon)
Missiles
 b - 25 bolts
Armour
 g - a +0 robe (worn)
Scrolls
 e - 2 scrolls of identify {unknown}
 f - a scroll of teleportation {unknown}
Potions
 c - a potion of flight {unknown}
 d - a potion of curing {unknown}
 i - a potion of resistance {unknown}


   Skills:
 - Level 3.0 Fighting
 - Level 1.0 Crossbows
 - Level 1.0 Throwing
 - Level 1.0 Armour
 - Level 1.0 Shields
 + Level 2.4 Spellcasting
 + Level 1.2 Conjurations
 - Level 1.0 Necromancy
 + Level 1.2 Fire Magic


You had 5 spell levels left.
You knew the following spells:

 Your Spells              Type           Power      Damage    Failure   Level
a - Foxfire               Conj/Fire      20%        2x1d5     14%         1

Your spell library contained the following spells:

 Spells                   Type           Power      Damage    Failure   Level
 Conjure Flame            Conj/Fire      5%         6-21      38%         3


Dungeon Overview and Level Annotations

Branches:
Dungeon (1/15)

Altars:


Innate Abilities, Weirdness & Mutations

Your serpentine skin is tough. (AC +1)
You have supernaturally acute eyesight. (SInv)
Armour fits poorly on your strangely shaped body.
Your system is resistant to poisons. (rPois)
You cover ground very slowly.
You can spit poison.
You have a snake-like lower body.


Message History

You have got your breath back.
Casting: Foxfire (safe; 14% risk of failure)
Confirm with . or Enter, or press ? or * to list all spells.
You miscast Foxfire.
You are very lightly contaminated with residual magic.
Nothing appears to happen.
The endoplasm freezes you.
You are frozen.
* * * LOW HITPOINT WARNING * * *
Casting: Foxfire (safe; 14% risk of failure)
Confirm with . or Enter, or press ? or * to list all spells.
You miscast Foxfire.
Nothing appears to happen.
The endoplasm hits you.
* * * LOW HITPOINT WARNING * * *
Unknown command.
Casting: Foxfire (safe; 14% risk of failure)
Confirm with . or Enter, or press ? or * to list all spells.
You miscast Foxfire.
Nothing appears to happen.
The endoplasm hits you but does no damage.
Unknown command.
Casting: Foxfire (safe; 14% risk of failure)
Confirm with . or Enter, or press ? or * to list all spells.
You conjure some foxfire!
The endoplasm freezes you.
You are frozen.
* * * LOW HITPOINT WARNING * * *
Unknown command.
The foxfire hits the endoplasm but does no damage.
The foxfire hits the endoplasm.
The endoplasm is heavily wounded.
The endoplasm hits you.
* * * LOW HITPOINT WARNING * * *
The endoplasm barely misses you.
Unknown command.
Unknown command.
Casting: Foxfire (safe; 14% risk of failure)
Confirm with . or Enter, or press ? or * to list all spells.
You conjure some foxfire!
The endoplasm freezes you.
You are frozen.
You die...

#..######..# #####.##### #.# #.
............# #...#.#...# #.# ##
####.######..###.###.###.###.#
#............># ... #>....#
#########.###.###.###.###.#
.....÷...#.#...#.#<..#.#.##
#..###...#.#####.#####.#..#
#..........vvJ††..........#
#####...##.#...§@###..#.##.#..#
#....... #......####.#...#.#..##
...##..# #.#...##h..h..........##
....#..# #.##.###.####...##......
.......###.##.# #..####..##......
...........##.# #h..####.##...♣♣.
.....########+#...........#....♣.
....## ....#########.#.....♣
...## ..... #.#.....♣


You could see an endoplasm (ally target).

Vanquished Creatures
  A dart slug (D:1)
  2 ball pythons (D:1)
  An endoplasm (D:1)
  2 hobgoblins (D:1)
  4 jackals (D:1)
  2 kobolds (D:1)
  3 quokkas (D:1)
  A bat (D:1)
  A frilled lizard (D:1)
  2 rats (D:1)
19 creatures vanquished.

Vanquished Creatures (others)
  54 foxfires (D:1)
54 creatures vanquished.

Grand Total: 73 creatures vanquished

Notes
Turn   | Place    | Note
-------+----------+-------------------------------------------
     0 | D:1      | MajorAdolf the Naga Wanderer began the quest for the Orb.
     0 | D:1      | MajorAdolf set off with the following items: a +2 hand
                  | crossbow, 25 bolts, a +0 ring mail; and the following spell
                  | memorised: Foxfire; and the following spells available to
                  | memorise: Conjure Flame
     0 | D:1      | Reached XP level 1. HP: 21/21 MP: 3/3
   166 | D:1      | Reached XP level 2. HP: 28/28 MP: 5/5
   506 | D:1      | Reached skill level 1 in Fire Magic
   708 | D:1      | Reached skill level 1 in Conjurations
  1209 | D:1      | Reached XP level 3. HP: 6/34 MP: 6/6
  1214 | D:1      | HP: 1/34 [endoplasm (1)]
  1215 | D:1      | Frozen to death by an endoplasm

Illustrated notes

Levels and vault maps discovered:
D:1:      evilmike_arrival_hilbert_curve, layout_loops_corners,
          hellmonk_ecumenical_altar_inner_sanctum, chequers_garden

Skill      XL: |  1  2 |
---------------+-------+-----
Fire Magic     | 1 |  1.2
Conjurations   | 1 |  1.2
Fighting       | |  3.0
Crossbows      | |  1.0
Throwing       | |  1.0
Armour         | |  1.0
Shields        | |  1.0
Spellcasting   | |  2.4
Necromancy     | |  1.0

Action                   || total
-------------------------++-------
Melee: Dagger            ||    13
 Fire: Hand crossbow     ||     3
 Cast: Foxfire           ||    33
 Abil: Spit Poison       ||    10
Armor: Ring mail         ||     1
       Robe              ||     4
Dodge: Dodged            ||    27
